 Dungeon Crawl Stone Soup version 0.28-a0-1389-gc726bef33b (webtiles) character file.

Game seed: 8207945115800308544

245 Grim the Basher (level 5, 0/67 HPs)
             Began as a Minotaur Berserker on Jan 3, 2022.
             Was a Follower of Trog.
             Slain by a jelly (2 damage)
             ... on level 4 of the Dungeon.
             The game lasted 00:03:14 (2848 turns).

Grim the Basher (Minotaur Berserker)                Turns: 2848, Time: 00:03:15

Health: 0/67       AC: -1    Str: 21    XL:     5   Next: 84%
Magic:  4/4        EV: 11    Int:  6    God:    Trog [*.....]
Gold:   254        SH:  0    Dex: 10    Spells: 4/4 levels left

rFire   . . .      SeeInvis .   m - +0 flail
rCold   . . .      Faith    .   (no shield)
rNeg    . . .      Spirit   .   d - +3 leather armour
rPois   .          Reflect  .   (helmet restricted)
rElec   .          Harm     .   (no cloak)
rCorr   .          Rampage  .   (no gloves)
Will    ++...                   (no boots)
Stlth   ..........              (no amulet)
HPRegen 1.21/turn               (no ring)
MPRegen 0.09/turn               (no ring)

@: berserking, strong-willed, corroded, regenerating, very quick
A: horns 2, retaliatory headbutt
a: Renounce Religion, Berserk


You were on level 4 of the Dungeon.
You worshipped Trog.
Trog was aware of your devotion.
You visited 1 branch of the dungeon, and saw 4 of its levels.

You collected 254 gold pieces.

Inventory:

Hand Weapons
 a - a +0 mace
 m - a +0 flail (weapon)
Missiles
 i - 5 boomerangs (quivered)
Armour
 b - a +0 animal skin
 d - a +3 leather armour (worn)
Wands
 k - a wand of flame (13)
Scrolls
 c - a scroll of identify {unknown}
 g - a scroll of torment {unknown}
 h - a scroll of holy word {unknown}
 j - a scroll of teleportation {unknown}
 l - a scroll of brand weapon {unknown}
Potions
 e - a potion of magic {unknown}
 f - a potion of mutation {unknown}


   Skills:
 - Level 3.6 Fighting
 + Level 8.0 Maces & Flails
 - Level 2.4 Armour
 - Level 2.1 Dodging


You had 4 spell levels left.
You didn't know any spells.
Your spell library was empty.

Dungeon Overview and Level Annotations

Branches:
Dungeon (4/15)
 Temple: D:4-7

Altars:


Innate Abilities, Weirdness & Mutations

You have a pair of horns on your head.
You reflexively headbutt those who attack you in melee.


Message History

The endoplasm quivers.
The jelly hits you. The acid corrodes you!
You are splashed with acid.
You barely miss the jelly. The jelly closely misses you.
You barely miss the jelly. The jelly hits you but does no damage.
You barely miss the jelly. The centaur skeleton hits you.
The centaur skeleton kicks you. The jelly hits you. The acid corrodes you!
You are splashed with acid!
* * * LOW HITPOINT WARNING * * *
You hit the jelly.
Your hands burn!
* * * LOW HITPOINT WARNING * * *
The jelly is lightly wounded.
The centaur skeleton hits you.
* * * LOW HITPOINT WARNING * * *
The centaur skeleton kicks you.
* * * LOW HITPOINT WARNING * * *
The centaur skeleton closely misses you.
You furiously retaliate!
You headbutt the centaur skeleton, but do no damage.
The centaur skeleton kicks you.
* * * LOW HITPOINT WARNING * * *
The jelly hits you.
* * * LOW HITPOINT WARNING * * *
You are splashed with acid!
* * * LOW HITPOINT WARNING * * *
Unknown command.
The endoplasm hits you.
* * * LOW HITPOINT WARNING * * *
Your skin crawls.
You feel strong-willed.
A red film seems to cover your vision as you go berserk!
You feel yourself moving faster!
You feel mighty!
You can no longer call upon Trog for regeneration and willpower.
The endoplasm freezes you.
You are frozen.
* * * LOW HITPOINT WARNING * * *
The centaur skeleton closely misses you.
The centaur skeleton kicks you.
* * * LOW HITPOINT WARNING * * *
The jelly hits you.
You die...

...............#
..............[#
...............#
...............#
.........>.....#
#..........(.
###..........
#JJZ.......
#<@........
##.......#.
##.....##
#######


You could see a jelly, an endoplasm and a centaur skeleton.

Vanquished Creatures
  A necrophage (D:3)
  Ijyb (D:3)
  3 gnolls (D:3)
  2 adders (D:2)
  An ufetubus (D:3)
  4 worms
  2 dart slugs
  6 orcs (D:3)
  5 endoplasms
  A giant cockroach (D:1)
  3 hobgoblins
  3 kobolds
  4 quokkas
  2 ball pythons
  7 bats
  2 frilled lizards
  6 goblins
  7 rats
60 creatures vanquished.

Vanquished Creatures (others)
  5 toadstools (D:1)
5 creatures vanquished.

Grand Total: 65 creatures vanquished

Notes
Turn   | Place    | Note
-------+----------+-------------------------------------------
     0 | D:1      | Grim the Minotaur Berserker began the quest for the Orb.
     0 | D:1      | Reached XP level 1. HP: 19/19 MP: 0/0
   104 | D:1      | Reached skill level 4 in Maces & Flails
   353 | D:1      | Reached XP level 2. HP: 26/26 MP: 1/1
  1114 | D:2      | Reached skill level 5 in Maces & Flails
  1229 | D:2      | Reached XP level 3. HP: 30/31 MP: 2/2
  1767 | D:2      | Found a faded altar of an unknown god.
  2066 | D:3      | Reached XP level 4. HP: 38/39 MP: 3/3
  2068 | D:3      | Reached skill level 6 in Maces & Flails
  2096 | D:3      | Noticed a necrophage
  2119 | D:3      | Killed a necrophage
  2120 | D:3      | Reached skill level 7 in Maces & Flails
  2120 | D:3      | Reached XP level 5. HP: 45/45 MP: 4/4
  2315 | D:3      | Noticed Ijyb
  2318 | D:3      | Reached ** piety under Trog
  2335 | D:3      | Killed Ijyb
  2705 | D:3      | Reached skill level 8 in Maces & Flails
  2843 | D:4      | HP: 2/45 [acid (10)]
  2848 | D:4      | HP: 3/67 [frozen (1)]
  2848 | D:4      | Slain by a jelly

Illustrated notes

Levels and vault maps discovered:
D:1:      minmay_arrival_shoal_huts, layout_rooms, minmay_gold_behind_fungi,
          minmay_misc_feat_tiny, nicolae_wormholes
D:2:      layout_rooms, shapermc_ecumenical_altar_pompeii, serial_corexii_hall,
          chequers_hall_statues_wall_a, corexii_hall_statues_l,
          minmay_misc_feat_alley, kennysheep_generic_room_16
D:3:      layout_loops_cross, uniq_ijyb
D:4:      layout_rooms, fiery_altar_vehumet, minmay_temple_entry_tees,
          uniq_robin, uniq_blork_the_orc

Skill      XL: |  1  2  3  4  5 |
---------------+----------------+-----
Maces & Flails | 4 5 7 8 |  8.0
Fighting       | |  3.6
Armour         | |  2.4
Dodging        | |  2.1

Action                   |  1- 3 |  4- 6 || total
-------------------------+-------+-------++-------
Melee: Mace              |    80 |    44 ||   124
       Headbutt          |    10 |     7 ||    17
       Flail             |       |    18 ||    18
Invok: Berserk           |     1 |     4 ||     5
       Trog's Hand       |       |     1 ||     1
Armor: Animal skin       |    11 |       ||    11
       Leather armour    |    27 |    19 ||    46
Dodge: Dodged            |    55 |    31 ||    86

Table legend: (Time is in decaauts)
 A = Elapsed time spent in this place.
 B = Non-inter-level travel time spent in this place.
 C = Inter-level travel time spent in this place.
 D = Time resting spent in this place.
 E = Time spent auto-exploring this place.
 F = Levels seen in this place.
 G = Mean time per level.
                   A        B        C        D        E       F      G
               +--------+--------+--------+--------+--------+-----+--------+
         Total |   2900 |   2866 |     34 |    813 |   1653 |   4 |  725.0 |
       Dungeon |   2900 |   2866 |     34 |    813 |   1653 |   4 |  725.0 |
               +--------+--------+--------+--------+--------+-----+--------+

Top non-repeatable levels by time:
     D:1: 1128 daAuts
     D:2: 913 daAuts
     D:3: 847 daAuts
     D:4: 11 daAuts
